Map: Ascension to Aiur LE

Players

Bly - Winner!

  • Race: Zerg Zerg
  • Spawn Location: 11:00

Awers (Hades)

  • Race: Terran Terran
  • Spawn Location: 5:00

Event: WCS Jonkoping 2017

VOD

Have the link to the VOD?

Description

Time

  • Played on: June 17, 2017, 8:08 a.m.
  • Length: 19:27

All games in this series

Show
View Real Time Build Order
Export as new Build Order

Bly Zerg - Winner!

Build Orders: Hatch First, Swarm Host 

Get SALT Encoding   

  12  0:01  Drone  
  13  0:13  Overlord  
  13  0:17  Drone  
  14  0:31  Drone x2  
  14  0:35  Drone  
  17  0:51  Hatchery  
  17  0:55  Drone  
  17  1:00  Extractor  
  17  1:02  Drone  
  17  1:18  Spawning Pool, Drone  
  18  1:20  Drone  
  18  1:28  Drone  
  19  1:39  Overlord  
  19  1:56  Drone  
  20  2:05  Queen, Zergling x4  
  20  2:06  Queen  
  20  2:08  Metabolic Boost  
  26  2:13  Drone  
  27  2:17  Drone  
  28  2:33  Extractor, Drone x3  
  31  2:41  Overlord  
  31  2:43  Spore Crawler  
  30  2:46  Queen, Overlord  
  32  2:54  Drone x2  
  35  3:03  Drone  
  36  3:17  Extractor  
  36  3:18  Zergling x4  
  36  3:19  Zergling x4  
  38  3:24  Drone x4  
  38  3:26  Queen  
  44  3:27  Queen  
  44  3:30  Extractor  
  46  3:45  Hatchery  
  46  3:47  Overlord  
  46  3:49  Zergling x4  
  46  3:50  Zergling x6  
  51  4:02  Drone  
  51  4:03  Overlord  
  51  4:07  Overlord  
  51  4:09  Overlord  
  51  4:17  Drone x4  
  51  4:21  Extractor  
  51  4:22  Roach Warren  
  53  4:27  Drone  
  53  4:30  Drone  
  55  4:36  Zergling x8  
  55  4:37  Zergling x2  
  60  4:40  Zergling x4  
  60  4:44  Overlord  
  62  4:50  Drone  
  59  5:00  Drone x2  
  59  5:02  Drone  
  59  5:04  Drone  
  59  5:05  Drone x3  
  65  5:14  Overlord  
  65  5:19  Roach x2  
  65  5:20  Roach x4  
  65  5:21  Lair, Overlord  
  77  5:31  Roach x2  
  81  5:40  Roach x7  
  94  5:44  Overlord  
  94  5:45  Zergling x6  
  97  5:55  Ravager  
  98  5:58  Overlord  
  98  6:01  Overlord  
  82  6:21  Drone x8  
  82  6:22  Drone x5  
  82  6:25  Glial Reconstitution  
  88  6:27  Extractor, Drone  
  88  6:33  Drone x2  
  88  6:38  Extractor, Drone  
  90  6:41  Drone  
  90  6:46  Drone x3  
  94  6:48  Hatchery  
  94  6:50  Drone  
  94  6:52  Extractor  
  94  6:53  Extractor  
  92  7:03  Drone  
  92  7:07  Hatchery, Drone  
  92  7:08  Evolution Chamber, Infestation Pit, Drone x5, Hydralisk Den  
  95  7:19  Roach x9  
  113  7:37  Zerg Missile Weapons Level 1  
  113  7:41  Muscular Augments  
  113  7:42  Roach x4  
  113  7:43  Overlord x4  
  121  7:59  Overlord x2  
  121  8:05  Overlord  
  111  8:09  Hive  
  111  8:15  Drone x7  
  111  8:16  Drone x8  
  126  8:26  Roach x3  
  128  8:29  Extractor  
  128  8:31  Hatchery  
  128  8:33  Extractor, Roach x2  
  128  8:34  Roach x2  
  133  8:36  Roach  
  133  8:43  Roach x4  
  133  8:47  Ravager x3  
  142  8:58  Hydralisk  
  142  8:59  Hydralisk x6  
  152  9:22  Viper x4  
  164  9:28  Evolution Chamber  
  164  9:30  Evolution Chamber  
  162  9:36  Roach x12  
  184  9:44  Hatchery  
  177  9:48  Hydralisk  
  177  9:49  Hydralisk x5  
  169  9:56  Roach x4  
  177  10:02  Overlord x2  
  177  10:07  Hydralisk x4  
  186  10:19  Overlord  
  175  10:24  Hydralisk x6  
  170  10:42  Hydralisk x8  
  154  10:47  Hydralisk  
  158  11:02  Hatchery  
  145  11:11  Hydralisk  
  135  11:12  Hydralisk  
  135  11:15  Hydralisk x4  
  140  11:29  Hydralisk  
  140  11:30  Hydralisk x3  
  148  11:33  Overseer  
  148  11:41  Roach, Drone  
  148  11:42  Extractor, Roach x4  
  148  11:46  Drone x2  
  160  11:47  Extractor  
  160  11:48  Extractor, Drone  
  160  11:52  Zerg Missile Weapons Level 2  
  159  11:54  Extractor  
  156  12:04  Hydralisk  
  156  12:05  Hydralisk x5  
  168  12:11  Evolution Chamber  
  167  12:17  Spire  
  167  12:19  Drone  
  166  12:26  Drone x4  
  166  12:27  Drone x2  
  170  12:45  Swarm Host x8  
  170  12:46  Swarm Host  
  197  13:07  Evolution Chamber  
  181  13:21  Viper x2  
  181  13:22  Viper x2  
  193  13:38  Greater Spire  
  193  13:48  Hydralisk x5  
  191  13:50  Zerg Melee Weapons Level 1  
  182  14:10  Corruptor x6  
  182  14:11  Corruptor  
  196  14:32  Viper  
  193  15:04  Hatchery  
  179  15:18  Brood Lord x7  
  191  15:22  Drone x4  
  187  15:31  Drone x10  
  191  15:51  Overlord  
  191  16:04  Hydralisk  
  191  16:05  Hydralisk x2  
  191  16:06  Evolution Chamber  
  191  16:07  Evolution Chamber  
  176  16:27  Hydralisk  
  176  16:28  Hydralisk x8  
  166  16:42  Hydralisk x9  
  184  16:47  Hydralisk x4  
  184  16:48  Hydralisk x3, Zerg Melee Weapons Level 2  
  198  16:56  Queen  
  187  17:38  Drone  
  187  17:39  Drone x2  
  181  17:48  Extractor, Drone x3  
  179  17:52  Viper x5  
  179  17:54  Hatchery  
  188  18:05  Burrow  
  188  18:10  Drone  
  188  18:12  Drone x3  
  192  18:15  Extractor, Spine Crawler  
  190  18:22  Overseer  
  173  18:47  Hydralisk  
  173  18:48  Hydralisk x10  
  181  18:56  Drone x2  
Show
View Real Time Build Order
Export as new Build Order

Awers Terran 

Build Orders: Reaper Expand, Mech 

Get SALT Encoding   

  12  0:01  SCV  
  13  0:13  SCV  
  14  0:17  Supply Depot  
  14  0:25  SCV  
  15  0:29  Refinery  
  15  0:38  SCV  
  16  0:45  Barracks  
  16  0:51  SCV  
  17  1:03  SCV  
  18  1:15  SCV  
  19  1:32  Orbital Command, Reaper  
  20  1:44  Command Center  
  20  1:56  Factory  
  20  1:59  SCV  
  21  2:06  Refinery  
  21  2:07  Barracks Reactor  
  21  2:12  SCV  
  22  2:18  Supply Depot  
  22  2:24  SCV  
  23  2:39  SCV  
  23  2:40  Armory  
  24  2:49  Hellion x2  
  28  2:53  SCV  
  29  3:00  Orbital Command  
  29  3:09  SCV  
  29  3:10  Hellion  
  32  3:17  Hellion  
  34  3:25  SCV  
  34  3:26  SCV  
  36  3:34  Cyclone  
  36  3:38  SCV, Cyclone  
  43  3:45  SCV, Supply Depot  
  43  3:48  Terran Vehicle Weapons Level 1  
  43  3:52  SCV  
  44  3:58  SCV  
  45  4:04  SCV  
  45  4:08  Cyclone, Supply Depot  
  49  4:10  Cyclone  
  49  4:11  SCV  
  49  4:16  SCV  
  54  4:26  Supply Depot  
  54  4:29  SCV  
  54  4:30  SCV  
  56  4:34  Command Center  
  56  4:40  Cyclone  
  56  4:42  SCV  
  60  4:49  SCV  
  61  4:54  SCV  
  62  5:01  Cyclone  
  62  5:02  SCV  
  62  5:05  Supply Depot  
  66  5:07  Supply Depot  
  66  5:09  Refinery  
  66  5:10  Factory, Refinery  
  66  5:16  SCV  
  66  5:19  Hellion  
  69  5:25  SCV  
  70  5:38  Hellion  
  72  5:47  Orbital Command  
  72  5:50  Terran Vehicle Weapons Level 2  
  72  5:52  Factory  
  72  5:57  SCV  
  72  5:59  SCV  
  72  6:00  Factory Tech Lab  
  72  6:02  Hellion x2  
  78  6:09  SCV  
  76  6:11  SCV  
  75  6:21  Orbital Command  
  75  6:23  Siege Tank  
  75  6:24  SCV  
  75  6:27  SCV  
  75  6:30  Hellion x2  
  80  6:33  Factory  
  80  6:36  SCV  
  80  6:37  Factory Tech Lab  
  80  6:39  SCV  
  82  6:45  Refinery  
  82  6:47  Refinery  
  82  6:50  SCV x2  
  84  6:57  SCV  
  84  6:58  Factory  
  85  7:03  SCV  
  85  7:04  SCV  
  85  7:05  Siege Tank, Engineering Bay  
  90  7:09  SCV, Supply Depot  
  91  7:16  Siege Tank, SCV x2  
  91  7:21  SCV  
  91  7:22  Factory Tech Lab  
  97  7:24  Hellion x2  
  97  7:27  Supply Depot  
  97  7:29  Supply Depot  
  101  7:30  SCV x2  
  101  7:33  SCV  
  104  7:40  Siege Tank  
  104  7:42  Thor, SCV x2, Factory Reactor  
  115  7:46  SCV  
  114  7:54  Siege Tank, SCV  
  114  7:57  SCV  
  114  7:58  Hellion x2, SCV  
  120  8:07  SCV  
  120  8:09  Command Center  
  120  8:11  Terran Vehicle And Ship Armor Level 1  
  121  8:15  Thor, Supply Depot  
  121  8:16  Supply Depot  
  121  8:19  Supply Depot  
  127  8:25  Hellion  
  127  8:26  Siege Tank  
  132  8:37  Siege Tank, Hellion x3  
  141  8:58  Siege Tank  
  142  9:03  Siege Tank  
  142  9:04  Hellion  
  147  9:11  Siege Tank, Hellion  
  152  9:20  Hellion  
  154  9:25  Starport  
  154  9:27  Hellion x2  
  154  9:30  Siege Tank  
  158  9:35  Siege Tank  
  159  9:42  Hellion  
  159  9:43  Thor  
  164  9:48  Supply Depot x2  
  160  9:54  Hellion  
  160  9:58  SCV  
  160  9:59  SCV  
  164  10:08  Planetary Fortress  
  164  10:09  Siege Tank, Thor, Refinery  
  164  10:12  Terran Vehicle And Ship Armor Level 2, Refinery  
  164  10:13  Starport Reactor  
  173  10:26  Siege Tank  
  162  10:41  Thor  
  144  10:46  Hellion  
  144  10:48  Hellion  
  144  10:53  Siege Tank  
  143  11:00  Viking x2  
  143  11:02  Siege Tank, Hellion x2  
  135  11:06  Missile Turret  
  135  11:07  Hellion  
  135  11:09  Hellion  
  126  11:16  Armory  
  120  11:21  Command Center  
  120  11:23  Hellion x2  
  120  11:24  Siege Tank, Thor  
  133  11:29  Hellion  
  133  11:31  Hellion  
  137  11:33  Viking  
  137  11:34  Thor  
  145  11:40  Starport  
  145  11:42  Sensor Tower  
  145  11:48  Hellion x2  
  145  11:52  Infernal Pre-Igniter  
  149  11:54  Viking  
  149  11:56  Siege Tank  
  154  12:07  Thor  
  160  12:08  Viking  
  160  12:15  Supply Depot  
  162  12:16  Missile Turret  
  154  12:30  Siege Tank, Thor  
  154  12:31  Hellion  
  154  12:33  Viking  
  167  12:40  Viking  
  169  12:46  Hellion x2  
  173  13:04  Siege Tank, Hellion  
  174  13:15  Hellion  
  162  13:20  Siege Tank, Hellion  
  162  13:21  Hellion x2  
  162  13:26  Hellion  
  173  13:36  Hellion, Viking x2  
  173  13:37  Viking  
  180  13:46  Hellion x2  
  179  13:55  Terran Vehicle Weapons Level 3, Terran Vehicle And Ship Armor Level 3  
  171  14:12  Siege Tank x2, Thor, Hellion x2  
  171  14:13  Hellion  
  171  14:16  Orbital Command  
  189  14:26  Barracks  
  189  14:34  Viking  
  189  14:35  Starport Tech Lab  
  191  14:40  Hellion  
  191  14:42  Missile Turret  
  191  14:44  Siege Tank x2  
  188  14:59  Hellion  
  174  15:12  Siege Tank, Hellion x2  
  179  15:18  Hellion  
  177  15:29  Raven, Viking x2  
  177  15:30  Hellion  
  177  15:31  SCV x2, Refinery  
  177  15:33  Supply Depot x2  
  171  15:58  Starport x2  
  170  16:10  Viking x2  
  152  16:21  Siege Tank, Hellion x2, Viking  
  152  16:22  Hellion x2  
  152  16:23  Hellion  
  142  16:25  Hellion  
  109  16:40  Viking x2  
  109  16:42  Hellion  
  109  16:44  Siege Tank  
  111  16:51  Viking  
  107  17:01  Hellion  
  109  17:10  Viking x2  
  111  17:21  Viking  
  113  17:25  Siege Tank, Widow Mine x2  
  120  17:31  Refinery  
  120  17:38  Cyclone  
  120  17:40  Viking x2  
  127  17:45  Cyclone  
  127  17:49  Orbital Command  
  110  18:00  Siege Tank, Hellion  
  115  18:11  Starport Tech Lab x2  
  115  18:24  Raven  
  115  18:26  Missile Turret  
  117  18:38  Orbital Command  
  110  18:47  Siege Tank  
  110  18:48  Hellion  
  102  18:52  Siege Tank, Hellion  
Tags
 
Add a new tag
Caveats
  • Supply blocks, unpowered buildings, or Contaminate may cause inaccurate times.
  • Supply counts are checked every 10 seconds.